 Dungeon Crawl Stone Soup version 0.17.0-56-gd8de76c (webtiles) character file.

1199 RustyPaladin the Chopper (level 8, -4/71 HPs)
             Began as a Minotaur Berserker on Dec 4, 2015.
             Slain by a polar bear (20 damage)
             ... created by the rage of Trog
             ... on level 5 of the Dungeon on Dec 5, 2015.
             The game lasted 01:10:11 (5054 turns).

RustyPaladin the Chopper (Minotaur Berserker)       Turns: 5054, Time: 01:10:13

Health: -4/71      AC: 11    Str: 24    XL:     8   Next: 20%
Magic:  7/7        EV: 10    Int:  4    God:    Xom [.*....]
Gold:   249        SH:  0    Dex: 10    Spells: 0 memorised, 7 levels left

rFire  . . .     SeeInvis .     a - +1 hand axe
rCold  . . .     Clarity  .     E - +0 chain mail
rNeg   . . .     SustAt   .     (no shield)
rPois  .         Gourm    +     (helmet restricted)
rElec  .         Spirit   .     H - +0 cloak
rCorr  .         Warding  .     (no gloves)
rMut   .         Stasis   .     (no boots)
MR     .....                    h - amulet of the gourmand
Stlth  ..........               (no ring)
                                y - ring of loudness (curse)

@: about to teleport, not resistant to hostile enchantments, extremely
unstealthy
A: retaliatory headbutt, horns 2
a: Renounce Religion


You were on level 5 of the Dungeon.
You worshipped Xom.
You were a plaything of Xom.
You were completely stuffed.

You visited 2 branches of the dungeon, and saw 6 of its levels.
You also visited: Sewer.

You collected 249 gold pieces.

Inventory:

Hand Weapons
 a - a +1 hand axe (weapon)
 d - a +0 hand axe
 g - a +0 mace
 s - a cursed -2 greatsling
 x - a +0 hand axe
 C - a +0 giant spiked club
 D - a +2 flail of protection
Missiles
 f - 33 sling bullets
 i - 50 stones (quivered)
 j - 61 arrows
 q - 10 bolts of penetration
Armour
 b - a +0 animal skin
 m - a +0 ring mail
 E - a +0 chain mail (worn)
 F - a +0 helmet
 H - a +0 cloak (worn)
Jewellery
 h - an amulet of the gourmand (around neck)
 y - a cursed ring of loudness (left hand)
Wands
 u - a wand of digging (14)
Scrolls
 l - 6 scrolls of identify {unknown}
 n - 2 scrolls of teleportation
 o - a scroll of enchant weapon
 p - a scroll of magic mapping {unknown}
 t - a scroll of immolation {unknown}
 v - 2 scrolls of remove curse {unknown}
 z - 2 scrolls of fear {unknown}
 B - a scroll of recharging {unknown}
 J - a scroll of amnesia {unknown}
Potions
 e - a potion of mutation {unknown}
 r - a potion of degeneration {unknown}
 w - 2 potions of invisibility {unknown}
 A - a potion of heal wounds {unknown}
Comestibles
 c - 3 bread rations
 k - a meat ration


   Skills:
 + Level 6.3 Fighting
 + Level 6.4 Axes
 + Level 4.0 Throwing
 + Level 5.5 Armour
 + Level 4.9 Dodging
 + Level 1.6 Stealth


You had 7 spell levels left.
You didn't know any spells.

Dungeon Overview and Level Annotations

Branches:
Dungeon (5/15)             Temple (1/1) D:4

Altars:
Ashenzari
Cheibriados
Dithmenos
Gozag
Kikubaaqudgha
Makhleb
Nemelex Xobeh
Okawaru
Qazlal
Sif Muna
Vehumet
Xom
Zin
The Shining One

Annotations:
D:5 1 runed door


Innate Abilities, Weirdness & Mutations

You reflexively headbutt those who attack you in melee.
You have a pair of horns on your head.


Message History

The polar bear bites you. The polar bear claws you.
The polar bear claws you but does no damage.
The black bear bites you.
The black bear claws you but does no damage.
The black bear barely misses you.
There are monsters nearby!
Your chain mail prevents you from hitting the polar bear.
The polar bear is lightly wounded.
You hit the polar bear but do no damage.
The polar bear is lightly wounded.
You hit the polar bear but do no damage.
The polar bear is lightly wounded.
You hit the black bear but do no damage.
The black bear is lightly wounded.
The polar bear bites you!
* * * LOW HITPOINT WARNING * * *
The polar bear claws you but does no damage. x2
The polar bear bites you!!
You die...
Xom guffaws!

#######.......#...##....#.......
##..##. #..##....######## .###.#
...##....# .# #(.∆ #.####### #
(. #.# #(###.# #hh##.##
#h##..### #h@h#...# ###h###..#
#h.###.# ### ##... .# ..# ###..#
..# .. ..# .. ..# ... ..#


You could see 5 polar bears and 2 black bears.

Vanquished Creatures
  Edmund (D:4)
  A sky beast (D:5)
  Duvessa (D:4)
  A phantom (D:4)
  An ice beast (D:5)
  3 ogres
  Dowan (D:4)
  A crimson imp (D:5)
  An orc priest (D:3)
  An orc wizard (D:3)
  A hound (D:5)
  An iguana (D:4)
  Natasha (twice) (D:4)
  2 worker ants
  A hound zombie (D:5)
  6 adders
  A river rat (D:4)
  2 oozes (D:3)
  7 worms
  3 giant geckos
  4 orcs
  3 ball pythons
  5 goblins
  6 hobgoblins
  9 kobolds
  2 quokkas
  5 bats
  4 giant cockroaches
  3 giant newts
  6 jackals
  6 rats
91 creatures vanquished.

Notes
Turn   | Place    | Note
--------------------------------------------------------------
     0 | D:1      | RustyPaladin the Minotaur Berserker began the quest for the Orb.
     0 | D:1      | Reached XP level 1. HP: 19/19 MP: 0/0
   515 | D:1      | Reached skill level 4 in Axes
   522 | D:1      | Reached XP level 2. HP: 27/27 MP: 1/1
  1046 | D:2      | Found an iron altar of Okawaru.
  1053 | D:2      | Reached XP level 3. HP: 25/33 MP: 2/2
  1237 | D:2      | Found a faded altar to an unknown god.
  1282 | D:2      | Reached ** piety under Trog
  2146 | D:3      | Reached skill level 1 in Throwing
  2165 | D:3      | Reached XP level 4. HP: 38/41 MP: 3/3
  2231 | D:3      | Reached skill level 1 in Stealth
  2235 | D:3      | Found a radiant altar of Vehumet.
  2243 | D:3      | Reached XP level 5. HP: 28/47 MP: 4/4
  2965 | D:4      | Found a shattered altar of Ashenzari.
  2965 | D:4      | Found a deep blue altar of Sif Muna.
  3041 | D:4      | Noticed Natasha
  3046 | D:4      | Killed Natasha
  3065 | D:4      | Found a glowing drain.
  3070 | D:4      | Noticed a phantom
  3096 | D:4      | Killed a phantom
  3096 | D:4      | Reached skill level 5 in Axes
  3096 | D:4      | Reached XP level 6. HP: 28/53 MP: 5/5
  3142 | Sewer    | Entered a sewer
  3170 | D:4      | Noticed Natasha
  3177 | D:4      | Killed Natasha
  3252 | D:4      | Found a staircase to the Ecumenical Temple.
  3370 | D:4      | Noticed an ogre
  3377 | D:4      | Killed an ogre
  3391 | D:4      | Noticed Edmund
  3406 | D:4      | Killed Edmund
  3406 | D:4      | Reached skill level 5 in Fighting
  3406 | D:4      | Reached XP level 7. HP: 46/61 MP: 6/6
  3414 | D:4      | Reached *** piety under Trog
  3479 | D:4      | Noticed an ogre
  3488 | D:4      | Killed an ogre
  3916 | D:4      | Noticed Duvessa
  3916 | D:4      | Noticed Dowan
  3927 | D:4      | Killed Duvessa
  3945 | D:4      | Killed Dowan
  4013 | Temple   | Entered the Ecumenical Temple
  4073 | Temple   | Fell from the grace of Trog
  4073 | Temple   | Became a worshipper of Xom of Chaos
  4291 | D:4      | XOM: mild Conj miscast
  4294 | D:5      | Entered Level 5 of the Dungeon
  4332 | D:5      | Reached skill level 5 in Armour
  4440 | D:5      | Found a runed door.
  4440 | D:5      | Found a glowing golden altar of the Shining One.
  4440 | D:5      | Noticed an angel
  4517 | D:5      | XOM: divination: detect items
  4547 | D:5      | Reached skill level 6 in Axes
  4681 | D:5      | XOM: harmless Chrm miscast
  4688 | D:5      | XOM: noise
  4726 | D:5      | Reached XP level 8. HP: 58/70 MP: 7/7
  4790 | D:5      | Noticed a polar bear
  4790 | D:5      | Noticed a polar bear
  4790 | D:5      | Noticed a polar bear
  4796 | D:5      | XOM: enchant monster (good)
  5051 | D:5      | Noticed a polar bear
  5051 | D:5      | Noticed a polar bear
  5051 | D:5      | Noticed a polar bear
  5051 | D:5      | Noticed a polar bear
  5051 | D:5      | Noticed a polar bear
  5054 | D:5      | Slain by a polar bear

Action                   |  1- 3 |  4- 6 |  7- 9 || total
-------------------------+-------+-------+-------++-------
Melee: Hand axe          |    69 |   108 |   106 ||   283
Throw: Stone             |    73 |    50 |    29 ||   152
  Use: Potion            |     5 |       |     2 ||     7
       Scroll            |     2 |       |     2 ||     4
  Eat: Chunk             |     7 |     4 |     7 ||    18
       Meat ration       |     1 |       |       ||     1
